Cogmind - Beta 13 X1 @@@ ROGUE MODE // 2023.08.03 @ 04:55:07 Player: cptwinky Result: Destroyed by Lightning with EMDS Performance ------------- Evolutions (6) 3000 Regions Visited (24) 4800 Robots Destroyed (234) 1170 Value Destroyed (7991) 7991 Prototype IDs (62) 1240 Alien Tech Used (1) 200 Bonus (-680) -680 TOTAL SCORE: 17721 Bonus ------- High Alert Combat Kills 220 Follower Combat Kills 3257 Entered DSFs 500 Network Hubs Disabled 400 Met Data Miner 300 Met Imprinter 300 Was Imprinted 300 Built Enhanced Grunts 300 A7 Reached Mainframe 300 Friendly Fire -6557 Cogmind --------- Core Integrity 0/1150 Matter 298/300 Energy 28/100 System Corruption 27% Temperature Cool (0) Movement Core (50) Location -4/Hub_04(d) Parts ------- > --- POWER (2) -------- (None) > --- PROPULSION (6) --- (None) > --- UTILITY (8) ------ Advanced Targeting Computer > --- WEAPON (4) ------- (None) > --- INVENTORY (5) ---- Experimental Sensor Array Precision Energy Filter Advanced Transmission Jammer Guided EMP Blaster Peak State ------------ > --- POWER ------------ Neutrino Core Neutrino Core > --- PROPULSION ------- Flexi-carbon Leg Flexi-carbon Leg Myomer Leg Myomer Leg Myomer Leg Myomer Leg > --- UTILITY ---------- Experimental Heat Sink Advanced Cooling System High-capacity Storage Unit Advanced Signal Interpreter Advanced Targeting Computer Zionite Weapon Casing Heavy Reflective Plating > --- WEAPON ----------- Beamcaster Beamcaster Beamcaster Heavy Beamcaster > --- INVENTORY -------- Flexi-carbon Leg YI-UF0's Bottomless Matter Pit Experimental Sensor Array Precision Energy Filter Precision Energy Filter Advanced Transmission Jammer Experimental ECM Suite Experimental ECM Suite Improved Medium Armor Plating Improved Medium Armor Plating Component Analysis Suite Improved System Restoration Module Dispersion Rifle Heavy Phase Cannon Guided EMP Blaster RU-N14's Throwing Claymores RU-N14's Throwing Claymores RU-N14's Throwing Claymores RU-N14's Throwing Claymores [Rating: 122] Favorites ----------- Power Cooled Ion Engine Engine Cooled Ion Engine Power Core Neutrino Core Propulsion Carbon-fiber Leg Leg Carbon-fiber Leg Wheel Armored Huge Wheel Utility High-capacity Storage Unit Device Cooling System Storage High-capacity Storage Unit Processor Improved Signal Interpreter Hackware Hacking Suite Protection Hardened Light Armor Plating Weapon Precision Beam Rifle Energy Gun Precision Beam Rifle Energy Cannon Heavy Phase Cannon Ballistic Gun Assault Rifle Launcher Missile Launcher Special Weapon Plasma Cutter Impact Weapon Heavy Mace Special Melee Weapon Datajack Build | -11 -10 -10 -9 -9 -9 -8 -8 -7 -7 -7 -7 -6 -6 -6 -6 -6 -5 -5 -5 -4 -4 -4 -4 -4 ------- Run | Jun Mat Min Mat Min Exi Min Mat Fac Low Low Dat Pro Fac Low Low Zio Pro Fac DSF Fac Ext Cet Arc Hub Slots Evolved 12 | . . . 2 . . . 2 2 . . . . 2 . . . . 2 . 2 . . . . Power 1 | . . . . . . . . . . . . . 1 . . . . . . . . . . . Propulsion 4 | . . . 1 . . . . 1 . . . . . . . . . 1 . 1 . . . . Utility 6 | . . . 1 . . . 1 1 . . . . 1 . . . . 1 . 1 . . . . Weapon 1 | . . . . . . . 1 . . . . . . . . . . . . . . . . . Parts Attached 275 | . 5 2 36 13 2 2 25 10 13 13 6 18 17 18 17 5 5 2 9 22 19 4 4 8 Power 13 | . . 1 1 . . . 2 . . . 1 . 2 . 1 . . . 2 2 . . . 1 Engine 9 | . . 1 1 . . . 2 . . . 1 . 2 . 1 . . . . . . . . 1 Core 4 | . . . . . . . . . . . . . . . . . . . 2 2 . . . . Reactor . | . . . . . . . . . . . . . . . . . . . . . . . . . Propulsion 50 | . . . 11 2 . . 5 2 . 2 . 4 1 . 1 . 4 . 3 4 8 1 1 1 Treads . | . . . . . . . . . . . . . . . . . . . . . . . . . Leg 43 | . . . 11 2 . . 5 2 . . . 1 . . . . 4 . 3 4 8 1 1 1 Wheel 7 | . . . . . . . . . . 2 . 3 1 . 1 . . . . . . . . . Hover . | . . . . . . . . . . . . . . . . . . . . . . . . . Flight . | . . . . . . . . . . . . . . . . . . . . . . . . . Utility 118 | . 2 . 6 4 . . 5 7 11 8 1 7 10 10 9 2 1 2 4 14 7 3 3 2 Device 65 | . . . 1 2 . . 3 3 5 4 . 7 7 8 7 2 1 2 2 9 2 . . . Storage 7 | . 1 . 3 1 . . . . . . . . 1 1 . . . . . . . . . . Processor 4 | . . . . . . . . 1 . . . . 1 . . . . . . 1 1 . . . Hackware 2 | . . . . . . . 1 . . . . . . . 1 . . . . . . . . . Protection 40 | . 1 . 2 1 . . 1 3 6 4 1 . 1 1 1 . . . 2 4 4 3 3 2 Artifact . | . . . . . . . . . . . . . . . . . . . . . . . . . Weapon 94 | . 3 1 18 7 2 2 13 1 2 3 4 7 4 8 6 3 . . . 2 4 . . 4 Energy Gun 58 | . 1 1 12 4 1 1 10 1 1 1 3 4 2 5 3 2 . . . 1 4 . . 1 Energy Cannon 1 | . . . . . . . . . . . . . . . . . . . . 1 . . . . Ballistic Gun 2 | . 2 . . . . . . . . . . . . . . . . . . . . . . . Ballistic Cannon . | . . . . . . . . . . . . . . . . . . . . . . . . . Launcher 14 | . . . 4 2 . 1 . . . 1 . 2 2 1 1 . . . . . . . . . Special Weapon 5 | . . . . 1 . . . . . . . . . . . 1 . . . . . . . 3 Impact Weapon 5 | . . . . . . . 1 . 1 1 . . . 1 1 . . . . . . . . . Slashing Weapon . | . . . . . . . . . . . . . . . . . . . . . . . . . Piercing Weapon . | . . . . . . . . . . . . . . . . . . . . . . . . . Special Melee Weapon 9 | . . . 2 . 1 . 2 . . . 1 1 . 1 1 . . . . . . . . . Unidentified Prototypes 9 | . . . 1 1 . . 1 . . . . . . . 2 2 . . . . 1 1 . . Parts Lost 51 | . . . 8 1 . . 1 . . 7 . 2 1 . . . . . 2 7 2 . . 20 Power 4 | . . . . . . . 1 . . 1 . . . . . . . . . . . . . 2 Propulsion 23 | . . . 5 . . . . . . 4 . 1 . . . . . . 1 6 . . . 6 Utility 15 | . . . 1 1 . . . . . 2 . . 1 . . . . . 1 1 1 . . 7 Weapon 9 | . . . 2 . . . . . . . . 1 . . . . . . . . 1 . . 5 Highest Loss Streak 19 | . . . 4 1 . . 1 . . 4 . 1 1 . . . . . 1 2 2 . . 19 To Critical Strikes . | . . . . . . . . . . . . . . . . . . . . . . . . . Average Slot Usage (%) 88 | . 95 100 99 100 100 100 99 99 100 95 74 73 85 85 79 78 71 71 68 73 89 94 95 84 Engine 8 | . 13 14 11 11 11 11 8 7 7 7 5 7 13 13 12 12 12 11 8 . . . . 3 Core 1 | . . . . . . . . . . . . . . . . . . . 2 10 10 10 10 4 Leg 19 | . 28 28 32 33 33 33 27 29 30 17 . . . . . . 17 22 18 22 25 30 30 26 Wheel 4 | . . . . . . . . . . 8 15 11 20 20 13 12 3 . . . . . . . Device 12 | . . . 11 11 11 11 15 14 21 20 14 7 10 12 12 12 12 15 14 18 13 10 10 8 Storage 7 | . 14 14 11 11 11 11 9 7 7 7 7 7 6 6 6 6 6 5 5 5 5 5 5 4 Processor 4 | . . . . . . . . 7 7 7 7 7 7 6 6 6 6 5 5 5 8 10 10 9 Protection 7 | . 9 14 10 11 11 11 9 . 1 1 7 7 6 6 3 6 6 5 7 7 11 9 10 9 Energy Gun 17 | . 1 22 21 19 16 22 26 23 22 22 1 22 19 18 18 16 6 5 5 4 14 20 20 17 Naked Turns . | . . . . . . . . . . . . . . . . . . . . . . . . . Heaviest Build 126 | 11 17 19 62 62 60 60 64 61 64 68 76 80 105 113 102 104 104 105 121 126 126 106 106 106 Greatest Support 140 | 20 20 20 35 35 35 35 47 62 62 62 20 48 54 54 56 56 60 60 75 105 135 140 140 135 Greatest Overweight (x) 35 | . . . 1 1 1 1 1 . 1 5 3 7 1 2 1 1 1 1 3 7 1 . 35 . Average Overweight (x) 1 | . . . . 1 1 1 1 . . 1 2 4 1 1 1 1 1 1 1 1 . . 12 . Largest Inventory Capacity 20 | 8 10 10 20 20 20 20 20 20 20 20 20 20 20 20 20 20 20 20 20 20 20 20 20 20 Average Capacity 18 | 8 9 10 16 20 20 20 20 20 20 20 20 20 20 20 20 20 20 20 20 20 20 20 20 19 Most Carried 20 | 6 10 10 18 20 20 20 20 20 20 20 19 20 20 20 20 20 20 20 20 20 20 20 20 20 Average Carried 18 | 6 8 9 13 18 20 20 19 18 19 18 18 19 19 19 18 16 19 20 19 19 19 20 19 18 Final Capacity 20 | 8 10 10 20 20 20 20 20 20 20 20 20 20 20 20 20 20 20 20 20 20 20 20 20 5 Final Carried 20 | 6 10 10 18 20 20 20 20 20 20 18 17 20 20 20 20 20 20 20 20 20 20 20 20 5 Class Distribution -------------------- 29% | Scavenger-Tank 26% | Mutant 17% | Skirmisher 11% | Scavenger-Mutant 6% | Tank 5% | Commander-Skirmisher Dominant Class ---------------- Mutant | -10/Materials Mutant | -10/Mines Mutant | -9/Materials Mutant | -9/Mines Scavenger-Mutant | -9/Exiles Scavenger-Mutant | -8/Mines Scavenger-Tank | -8/Materials Skirmisher | -7/Factory Skirmisher | -7/Lower Caves Skirmisher | -7/Lower Caves Mutant | -7/Data Miner Skirmisher | -6/Proximity Caves Skirmisher | -6/Factory Skirmisher | -6/Lower Caves Mutant | -6/Lower Caves Scavenger-Mutant | -6/Zion Scavenger-Tank | -5/Proximity Caves Scavenger-Tank | -5/Factory Scavenger-Tank | -5/DSF Scavenger-Tank | -4/Factory Scavenger-Tank | -4/Extension Scavenger-Tank | -4/Cetus Scavenger-Tank | -4/Archives Scavenger-Tank | -4/Hub_04(d) Resources | -11 -10 -10 -9 -9 -9 -8 -8 -7 -7 -7 -7 -6 -6 -6 -6 -6 -5 -5 -5 -4 -4 -4 -4 -4 ----------- Run | Jun Mat Min Mat Min Exi Min Mat Fac Low Low Dat Pro Fac Low Low Zio Pro Fac DSF Fac Ext Cet Arc Hub Matter Collected 5648 | 186 130 51 443 138 20 23 265 . 266 237 . 317 165 336 2290 140 60 . 90 199 190 40 40 22 Remotely . | . . . . . . . . . . . . . . . . . . . . . . . . . Salvage Created 9820 | . 208 138 1559 363 . 26 945 . 717 464 . 255 377 339 1184 . 201 . 171 1429 1024 . 213 207 Parts 421 | . 22 7 74 23 . 8 43 . 26 21 . 20 15 12 35 . 8 . 2 64 32 . 6 3 Haulers Intercepted 11 | . 2 . 4 . . . 4 . . . . . . . . . . . . 1 . . . . Recyclers Shooed 8 | . 3 . 2 . . . 2 . . . . . . . . . . . . . . . . 1 Parts Field Recycled . | . . . . . . . . . . . . . . . . . . . . . . . . . Retrieved Matter . | . . . . . . . . . . . . . . . . . . . . . . . . . Parts Self-Destructed 111 | . . . . . . . . . 24 22 . 19 . 6 9 1 30 . . . . . . . Prevented 13 | . . . . . . . . . . . . . . 7 . . 6 . . . . . . . Kills | -11 -10 -10 -9 -9 -9 -8 -8 -7 -7 -7 -7 -6 -6 -6 -6 -6 -5 -5 -5 -4 -4 -4 -4 -4 ------- Run | Jun Mat Min Mat Min Exi Min Mat Fac Low Low Dat Pro Fac Low Low Zio Pro Fac DSF Fac Ext Cet Arc Hub Combat Hostiles Destroyed 167 | . 6 4 33 10 . 4 14 . 7 16 . 9 6 6 7 . 3 . 2 23 7 . . 10 Guns 102 | . 6 4 20 5 . . 13 . 7 4 . 4 4 . 3 . 2 . 2 20 6 . . 2 AOE 58 | . . . 12 5 . 4 . . . 12 . 5 2 5 4 . . . . 1 . . . 8 Classes Destroyed 23 | . 3 1 6 1 . . 1 . 2 1 . 1 1 . 4 . 1 . . . . . . 1 Worker 6 | . . . 2 . . . . . . . . . 1 . . . . . . 2 1 . . . Builder 3 | . . . . 1 . . . . . . . . . . . . . . . 2 . . . . Tunneler 2 | . 1 . . 1 . . . . . . . . . . . . . . . . . . . . Hauler 11 | . 2 . 4 . . . 4 . . . . . . . . . . . . 1 . . . . Recycler 9 | . . . 2 . . . 2 . . . . . 1 . . . . . . 1 3 . . . Minesweeper 1 | . . . . . . . . . . . . 1 . . . . . . . . . . . . Mechanic 1 | . . . . . . . . . . 1 . . . . . . . . . . . . . . Operator 10 | . . . 2 . . . 1 . . . . . . . . . . . . . 1 . 6 . Watcher 8 | . . . 4 . . . 2 . . . . . 1 . . . . . . . 1 . . . Swarmer 59 | . 6 3 10 6 . 4 . . . 4 . 7 . 3 6 . . . 1 9 . . . . Grunt 44 | . . 1 13 4 . . 4 . 3 7 . 1 3 3 . . . . . 4 1 . . . Brawler 8 | . . . 1 . . . 1 . 1 3 . . . . . . 1 . . . . . . 1 Duelist 3 | . . . . . . . . . 1 . . . . . . . . . 1 . . . . 1 Protector 1 | . . . . . . . . . . . . . . . . . . . . . . . . 1 Researcher 1 | . . . . . . . . . . . . . . . 1 . . . . . . . . . Sentry 28 | . . . 9 . . . 7 . 1 1 . . 1 . 1 . . . . 3 4 . . 1 Specialist 2 | . . . . . . . . . . . . . 2 . . . . . . . . . . . Hunter 7 | . . . . . . . 2 . . . . 1 . . . . 1 . . 2 1 . . . Programmer 9 | . . . . . . . . . 1 1 . . . . . . . . . 5 . . . 2 Behemoth 2 | . . . . . . . . . . . . . . . . . 1 . . . 1 . . . Lightning 4 | . . . . . . . . . . . . . . . . . . . . . . . . 4 Z-Courier 1 | . . . . . . . . . . . . . . . . . . . 1 . . . . . Decomposer 3 | . . . . . . . . . . 1 . . . . 2 . . . . . . . . . Packrat 3 | . . . . . . . . . . . . . . . 3 . . . . . . . . . Samaritan 1 | . . . . . . . . . . . . . . . 1 . . . . . . . . . Tinkerer 1 | . . . . . . . . . . . . . . . 1 . . . . . . . . . Thug 5 | . . 1 . . . . . . 2 . . . . 2 . . . . . . . . . . Savage 4 | . . . . . . . . . . . . . . . 4 . . . . . . . . . Butcher 1 | . . . . . . . . . . . . . . . 1 . . . . . . . . . Guerrilla 1 | . . . . . . . . . . . . . . . 1 . . . . . . . . . Mutant 2 | . . . . . . . . . . . . . . . 2 . . . . . . . . . Commander 1 | . . . . . . . . . . . . . . . 1 . . . . . . . . . Best Kill Streak 15 | . 3 3 7 4 . 4 4 . 3 15 . 4 7 3 4 . 2 . 1 6 4 . 5 8 Combat Bots Only 14 | . 3 3 6 3 . 4 3 . 3 14 . 4 5 3 4 . 2 . 1 4 2 . . 8 Max Kills in Single Turn 4 | . 1 1 3 3 . 4 1 . 1 3 . 2 1 2 4 . 1 . 1 2 1 . 1 2 Gunslinging 1 | . . . . . . . . . . . . . . . 1 . . . . . . . . . Exploded 4 | . . . 3 3 . 4 . . . 2 . 2 1 2 4 . . . . 1 . . . 2 Melee . | . . . . . . . . . . . . . . . . . . . . . . . . . Uniques/NPCs Destroyed 1 | . . . . 1 . . . . . . . . . . . . . . . . . . . . YI-UF0 (-9/Mines) Combat | -11 -10 -10 -9 -9 -9 -8 -8 -7 -7 -7 -7 -6 -6 -6 -6 -6 -5 -5 -5 -4 -4 -4 -4 -4 -------- Run | Jun Mat Min Mat Min Exi Min Mat Fac Low Low Dat Pro Fac Low Low Zio Pro Fac DSF Fac Ext Cet Arc Hub Damage Taken 11650 | . 233 93 1460 112 . 63 468 . 113 1034 . 267 756 21 43 . 93 . 673 1964 640 24 17 3576 Core 1621 | . 23 . 140 16 . . 96 . 5 59 . 17 70 . . . . . 14 100 64 . . 1017 Absorbed by Shields 178 | . . . . . . . . . . . . . 30 . 23 . 34 . 61 . 8 22 . . Redirected to Shielding 168 | . . . . . . . . . . . . . . . . . . . . . 34 12 . 122 Ignored by Resistances 335 | . . . . . . . . . . . . . 83 10 . . . . 93 21 122 . 6 . Regen/Repaired (Parts) 275 | . . . 93 . . . 108 69 . . . . . . . 5 . . . . . . . . Core Remaining (%) 87 | 100 . 90 . . . 61 82 . . . . 88 . . . . 91 . 98 . . . . . Volleys Fired 561 | . 28 9 119 57 . 1 44 . 20 24 . 16 22 12 71 3 8 . 8 62 25 2 11 19 Largest 4 | . 2 2 2 2 . 1 3 . 3 3 . 3 3 2 3 1 1 . 1 1 4 4 4 4 Hottest 306 | . 70 70 119 126 . 30 189 . 183 183 . 183 183 122 183 75 250 . 250 250 306 306 306 306 Shots Fired 1119 | . 56 18 226 69 . 1 132 . 53 41 . 36 58 16 155 3 8 . 8 62 89 8 44 36 Gun 1007 | . 56 18 215 23 . . 132 . 53 30 . 32 54 9 154 3 8 . 8 48 89 8 44 23 Cannon 14 | . . . . . . . . . . . . . . . . . . . . 14 . . . . Launcher 41 | . . . 11 2 . 1 . . . 11 . 4 4 7 1 . . . . . . . . . Special 57 | . . . . 44 . . . . . . . . . . . . . . . . . . . 13 Kinetic 62 | . 53 9 . . . . . . . . . . . . . . . . . . . . . . Thermal 959 | . 3 9 215 23 . . 132 . 53 30 . 32 54 9 154 3 8 . 8 62 89 8 44 23 Explosive 49 | . . . 11 2 . 1 . . . 11 . 4 4 2 1 . . . . . . . . 13 Electromagnetic 5 | . . . . . . . . . . . . . . 5 . . . . . . . . . . Impact 44 | . . . . 44 . . . . . . . . . . . . . . . . . . . . Robot Hit Streak 61 | . 8 6 25 7 . . 22 . 16 22 . 26 11 19 61 . 2 . 5 10 13 8 11 17 Robot Miss Streak 21 | . 6 1 3 3 . . 2 . 3 2 . 1 1 . 2 . 21 . 13 15 2 1 3 1 Penetration Max . | . . . . . . . . . . . . . . . . . . . . . . . . . Secondary Targets 13 | . . 1 1 2 . . 1 . 1 2 . . . . 1 . . . . . 2 . . 2 Max Gunslinging Chain 1 | . . 1 1 1 . . 1 . 1 1 . . . . 1 . . . . . 1 . . 1 Shots Hit Robots 825 | . 30 14 172 47 4 . 89 . 41 28 1 25 33 17 129 2 7 . 8 47 67 7 24 33 Core Hits 520 | . 12 8 72 23 . 5 37 . 22 41 . 22 20 15 59 . 8 . 11 72 40 2 14 37 Critical Kills 1 | . . . . . . . . . . . . . . . 1 . . . . . . . . . Critical Parts Destroyed 1 | . 1 . . . . . . . . . . . . . . . . . . . . . . . Critical Strikes 66 | . 1 . 19 7 . . 4 . 2 1 . . 2 1 14 . . . . . 4 1 4 6 Burn 55 | . . . 19 1 . . 4 . 2 1 . . 2 1 13 . . . . . 4 1 4 3 Destroy 1 | . 1 . . . . . . . . . . . . . . . . . . . . . . . Smash 1 | . . . . . . . . . . . . . . . 1 . . . . . . . . . Sever 9 | . . . . 6 . . . . . . . . . . . . . . . . . . . 3 Melee Attacks 49 | . . . . . 4 . 1 . 4 4 1 1 . 19 13 2 . . . . . . . . Impact 33 | . . . . . . . 1 . 4 4 . . . 12 12 . . . . . . . . . Slashing . | . . . . . . . . . . . . . . . . . . . . . . . . . Piercing . | . . . . . . . . . . . . . . . . . . . . . . . . . Sneak Attacks 18 | . . . . . 4 . . . . . 1 1 . 7 3 2 . . . . . . . . Combat Hostiles . | . . . . . . . . . . . . . . . . . . . . . . . . . Follow-up Attacks . | . . . . . . . . . . . . . . . . . . . . . . . . . Damage Inflicted 25647 | . 346 237 3565 1006 . 137 1573 . 740 1815 . 737 1229 639 2629 . 435 . 593 3454 1884 175 597 3856 Guns 16608 | . 315 202 2398 265 . . 1565 . 740 366 . 436 502 133 2228 . 435 . 593 3339 1787 175 597 532 Cannons . | . . . . . . . . . . . . . . . . . . . . . . . . . Explosions 7700 | . . . 1125 329 . 137 . . . 1449 . 301 727 506 212 . . . . 81 . . . 2833 Melee 189 | . . . . . . . . . . . . . . . 189 . . . . . . . . . Ramming 387 | . 31 35 42 121 . . 8 . . . . . . . . . . . . 34 97 . . 19 Kinetic 395 | . 302 93 . . . . . . . . . . . . . . . . . . . . . . Thermal 16294 | . 13 109 2398 313 . . 1565 . 740 366 . 436 535 133 2228 . 435 . 593 3339 1787 175 597 532 Explosive 7223 | . . . 1125 281 . 137 . . . 1449 . 301 694 191 212 . . . . . . . . 2833 Electromagnetic 396 | . . . . . . . . . . . . . . 315 . . . . . 81 . . . . Impact 480 | . . . . 291 . . . . . . . . . . 189 . . . . . . . . . Slashing 472 | . . . . . . . . . . . . . . . . . . . . . . . . 472 Piercing . | . . . . . . . . . . . . . . . . . . . . . . . . . Highest Corruption 27 | . . . . . . . 3 2 2 4 4 4 . . . . . . . 3 3 . . 27 Average Corruption 3 | . . . . . . . 3 1 2 3 4 4 . . . . . . . 2 2 . . 13 Corruption Purged 5 | . . . . . . . . . . . . . . . . . . . . 2 3 . . . Corruption Blocked . | . . . . . . . . . . . . . . . . . . . . . . . . . Effects 94 | . . . . . . . 17 . 25 15 4 24 . . . . . . . 3 . . . 6 Message Errors 22 | . . . . . . . 7 . 4 4 1 6 . . . . . . . . . . . . Matter Fused 19 | . . . . . . . 2 . 5 3 . 6 . . . . . . . 2 . . . 1 Heat Flow Errors 13 | . . . . . . . 2 . 6 2 . 2 . . . . . . . 1 . . . . Energy Discharges 18 | . . . . . . . 3 . 8 2 1 2 . . . . . . . . . . . 2 Parts Rejected 1 | . . . . . . . . . . . . . . . . . . . . . . . . 1 Parts Fused 1 | . . . . . . . 1 . . . . . . . . . . . . . . . . . Data Loss (minor) 7 | . . . . . . . 1 . 1 1 1 3 . . . . . . . . . . . . Data Loss (major) 4 | . . . . . . . . . 1 . . 2 . . . . . . . . . . . 1 Misfires 2 | . . . . . . . . . . 1 . 1 . . . . . . . . . . . . Alerts 4 | . . . . . . . 1 . . 2 1 . . . . . . . . . . . . . Weapon Failures 3 | . . . . . . . . . . . . 2 . . . . . . . . . . . 1 Overload Shots . | . . . . . . . . . . . . . . . . . . . . . . . . . Overflow Damage 221 | . . . 61 10 . . . . . 27 . . 45 . . . . . . . . . . 78 Projectiles 15 | . . . . . . . . . . . . . . . . . . . . . . . . 15 Explosions 206 | . . . 61 10 . . . . . 27 . . 45 . . . . . . . . . . 63 Melee . | . . . . . . . . . . . . . . . . . . . . . . . . . Knockbacks 6 | . . 2 . 3 . . . . . . . . . . 1 . . . . . . . . . Impact 5 | . . 2 . 2 . . . . . . . . . . 1 . . . . . . . . . Kinetic . | . . . . . . . . . . . . . . . . . . . . . . . . . Secondary 1 | . . . . 1 . . . . . . . . . . . . . . . . . . . . Self-Inflicted Damage 152 | . . . 20 . . 22 . . . 110 . . . . . . . . . . . . . . Shots 7 | . . . 2 . . 1 . . . 4 . . . . . . . . . . . . . . Rammed . | . . . . . . . . . . . . . . . . . . . . . . . . . Targets Rammed 51 | . 10 6 5 15 . . 4 . . . . . . . . . . . . 3 6 . . 2 Kicked 51 | . 10 6 5 15 . . 4 . . . . . . . . . . . . 3 6 . . 2 Crushed . | . . . . . . . . . . . . . . . . . . . . . . . . . Highest Temperature 306 | . 18 60 306 126 . . 160 . 242 160 . 240 239 12 290 . 120 . 5 198 192 66 144 264 Average Temperature 51 | . 10 22 45 46 . . 41 . 41 48 . 74 83 5 47 . 49 . 5 42 62 44 62 90 Received Heat Transfer 1778 | . . 30 639 9 . . 144 . 72 168 . 45 108 . 12 . 18 . 117 144 97 . . 175 Effects 1 | . . . . . . . . . . . . . . . 1 . . . . . . . . . Energy Bleed 1 | . . . . . . . . . . . . . . . 1 . . . . . . . . . Siege Activations . | . . . . . . . . . . . . . . . . . . . . . . . . . Robots Corrupted 1 | . . . . . . . . . . . . . . 1 . . . . . . . . . . Combat Hostiles 1 | . . . . . . . . . . . . . . 1 . . . . . . . . . . Parts Fried 1 | . . . . . . . . . . . . . . 1 . . . . . . . . . . Impact Corruptions 1 | . . . . 1 . . . . . . . . . . . . . . . . . . . . Robots Melted 8 | . . . 2 . . . 1 . . . . . . . . . 1 . . 2 1 . 1 . Combat Hostiles 6 | . . . 1 . . . 1 . . . . . . . . . 1 . . 2 1 . . . Parts Melted 85 | . . 2 30 1 . . 18 . 2 2 . 1 1 . 4 . . . . 8 7 . 4 5 Heat Transferred 35281 | . 37 296 7469 715 . . 3626 . 1702 851 . 999 1271 370 5846 . 625 . 786 4725 3299 370 1332 962 Parts Sabotaged . | . . . . . . . . . . . . . . . . . . . . . . . . . Parts Stolen . | . . . . . . . . . . . . . . . . . . . . . . . . . Parts Stripped . | . . . . . . . . . . . . . . . . . . . . . . . . . Power Chain Reactions 1 | . . . . . . . . . . . . . . . . . . . . 1 . . . . Missiles Intercepted . | . . . . . . . . . . . . . . . . . . . . . . . . . Alert | -11 -10 -10 -9 -9 -9 -8 -8 -7 -7 -7 -7 -6 -6 -6 -6 -6 -5 -5 -5 -4 -4 -4 -4 -4 ------- Run | Jun Mat Min Mat Min Exi Min Mat Fac Low Low Dat Pro Fac Low Low Zio Pro Fac DSF Fac Ext Cet Arc Hub Peak Influence 751 | . 301 180 522 300 . 108 420 121 . . . . 343 . . . . 111 205 528 627 751 525 403 Initial 350 | . . 57 . 154 . . 41 86 . . . . 3 . . . . 111 77 107 203 350 300 21 Average 231 | . 153 76 370 116 . 106 224 89 . . . . 97 . . . . 111 97 293 266 520 278 154 Maximum Alert Level 3 | . 1 . 2 1 . . 2 . . . . . 1 . . . . . 1 2 2 3 2 2 Low Security (%) 47 | 100 66 100 6 83 . 100 38 100 . . . . 77 . . . . 100 82 11 40 . 46 70 Level 1 35 | . 33 . 45 16 . . 60 . . . . . 22 . . . . . 17 73 38 10 29 29 Level 2 16 | . . . 48 . . . 1 . . . . . . . . . . . . 14 20 64 24 . Level 3 . | . . . . . . . . . . . . . . . . . . . . . . 24 . . Level 4 . | . . . . . . . . . . . . . . . . . . . . . . . . . Level 5 . | . . . . . . . . . . . . . . . . . . . . . . . . . High Security . | . . . . . . . . . . . . . . . . . . . . . . . . . Max Security . | . . . . . . . . . . . . . . . . . . . . . . . . . Sterilizations 1 | . . . . . . . . . . . . . . . . . . . 1 . . . . . Squads Dispatched 31 | . 1 . 3 1 . . 2 2 . 1 . . 3 . . . 1 . . 7 1 . . 9 Investigation 5 | . . . . . . . 1 2 . . . . . . . . 1 . . . 1 . . . Extermination 3 | . . . . . . . . . . . . . . . . . . . . 2 . . . 1 Reinforcement 12 | . 1 . 3 . . . 1 . . . . . 3 . . . . . . 1 . . . 3 Assault 4 | . . . . 1 . . . . . 1 . . . . . . . . . 1 . . . 1 Garrison 7 | . . . . . . . . . . . . . . . . . . . . 3 . . . 4 Intercept . | . . . . . . . . . . . . . . . . . . . . . . . . . Searches Triggered . | . . . . . . . . . . . . . . . . . . . . . . . . . Data Miner Redirects 1 | . . . . . . . . . . . . . . . . . . . . 1 . . . . Construction Impeded 1 | . . . . . . . . . . . . . 1 . . . . . . . . . . . Haulers Reinforced . | . . . . . . . . . . . . . . . . . . . . . . . . . Active Scanning Responses . | . . . . . . . . . . . . . . . . . . . . . . . . . Cargo Convoy Interrupts . | . . . . . . . . . . . . . . . . . . . . . . . . . Stealth | -11 -10 -10 -9 -9 -9 -8 -8 -7 -7 -7 -7 -6 -6 -6 -6 -6 -5 -5 -5 -4 -4 -4 -4 -4 --------- Run | Jun Mat Min Mat Min Exi Min Mat Fac Low Low Dat Pro Fac Low Low Zio Pro Fac DSF Fac Ext Cet Arc Hub Distress Signals 12 | . . . 4 . . . 3 . . . . . . . . . . . . 1 . 1 . 3 Communications Jammed 34 | . . . . . . . . . . . . . . . . . . . 4 22 8 . . . Distress Signals 30 | . . . . . . . . . . . . . . . . . . . . 22 8 . . . Times Spotted 298 | . 16 5 49 14 . 4 27 . 7 23 . 9 11 7 6 . 14 . 9 36 25 6 8 22 Peak Tracking Total 9 | . 4 3 6 5 . 4 6 . 3 8 . 4 5 4 4 . 4 . 3 4 4 5 2 9 Tactical Retreats 5 | . 2 . 1 . . . 1 . . . . . . 1 . . . . . . . . . . Traps | -11 -10 -10 -9 -9 -9 -8 -8 -7 -7 -7 -7 -6 -6 -6 -6 -6 -5 -5 -5 -4 -4 -4 -4 -4 ------- Run | Jun Mat Min Mat Min Exi Min Mat Fac Low Low Dat Pro Fac Low Low Zio Pro Fac DSF Fac Ext Cet Arc Hub Traps Triggered 11 | . . . . . . . 1 . . . . . 3 . . . . 1 3 1 2 . . . Indirectly . | . . . . . . . . . . . . . . . . . . . . . . . . . Trap Hack Attempts 134 | . . . 93 . . . 41 . . . . . . . . . . . . . . . . . Triggered . | . . . . . . . . . . . . . . . . . . . . . . . . . Disarmed 3 | . . . . . . . 3 . . . . . . . . . . . . . . . . . Reprogrammed 19 | . . . 14 . . . 5 . . . . . . . . . . . . . . . . . Reused 6 | . . . 4 . . . 2 . . . . . . . . . . . . . . . . . Traps Extracted . | . . . . . . . . . . . . . . . . . . . . . . . . . Installed 3 | . . . 3 . . . . . . . . . . . . . . . . . . . . . Triggered 14 | . . . 4 . . . 2 . . . . . . 4 . . 4 . . . . . . . Most Traps Carried 3 | . . 3 3 . . . . . . . . . . . . . . . . . . . . . Machines | -11 -10 -10 -9 -9 -9 -8 -8 -7 -7 -7 -7 -6 -6 -6 -6 -6 -5 -5 -5 -4 -4 -4 -4 -4 ---------- Run | Jun Mat Min Mat Min Exi Min Mat Fac Low Low Dat Pro Fac Low Low Zio Pro Fac DSF Fac Ext Cet Arc Hub Machines Disabled 24 | . . . 1 2 . 1 2 . . . . . 9 1 . . 1 . . 1 1 . 3 2 Max in Single Turn 8 | . . . 1 2 . 1 1 . . . . . 8 1 . . . . . 1 1 . 1 1 Garrison Access 1 | . . . . . . . . . . . . . . . . . . . . . . . . 1 Network Hub 2 | . . . . . . . . . . . . . . . . . . . . . . . . 2 Machines Repaired . | . . . . . . . . . . . . . . . . . . . . . . . . . Machines Sabotaged . | . . . . . . . . . . . . . . . . . . . . . . . . . Overloaded Fab Kills . | . . . . . . . . . . . . . . . . . . . . . . . . . Hacking | -11 -10 -10 -9 -9 -9 -8 -8 -7 -7 -7 -7 -6 -6 -6 -6 -6 -5 -5 -5 -4 -4 -4 -4 -4 --------- Run | Jun Mat Min Mat Min Exi Min Mat Fac Low Low Dat Pro Fac Low Low Zio Pro Fac DSF Fac Ext Cet Arc Hub Machines Accessed 59 | . 8 . 13 . 1 . 12 7 1 . 3 . 4 . 4 . 1 1 . 3 . 1 . . Terminals 31 | . 7 . 8 . . . 7 4 . . . . 2 . . . 1 1 . . . 1 . . Fabricators 4 | . . . . . . . . 2 . . . . 1 . . . . . . 1 . . . . Repair Stations 5 | . 1 . 1 . . . 2 1 . . . . . . . . . . . . . . . . Recycling Units 6 | . . . 2 . . . 2 . . . . . 1 . . . . . . 1 . . . . Scanalyzers 3 | . . . 2 . . . 1 . . . . . . . . . . . . . . . . . Garrison Access 1 | . . . . . . . . . . . . . . . . . . . . 1 . . . . Total Hacks 185 | . 28 . 38 . 1 . 36 22 1 . 28 . 9 . 9 . 5 1 . 5 . 2 . . Successful 109 | . 7 . 19 . 1 . 25 9 1 . 28 . 2 . 9 . 5 1 . 1 . 1 . . Failed 75 | . 21 . 18 . . . 11 13 . . . . 7 . . . . . . 4 . 1 . . Catastrophic 9 | . 3 . 2 . . . . 1 . . . . 2 . . . . . . 1 . . . . Database Lockouts 1 | . . . 1 . . . . . . . . . . . . . . . . . . . . . Manual 101 | . 21 . 19 . . . 14 10 . . . . 4 . . . . 3 . 6 12 1 . 11 Terminals 90 | . 25 . 23 . . . 19 10 . . . . 5 . . . 5 1 . . . 2 . . Fabricators 9 | . . . . . . . . 6 . . . . 2 . . . . . . 1 . . . . Repair Stations 21 | . 3 . 3 . . . 9 6 . . . . . . . . . . . . . . . . Recycling Units 15 | . . . 6 . . . 5 . . . . . 2 . . . . . . 2 . . . . Scanalyzers 9 | . . . 6 . . . 3 . . . . . . . . . . . . . . . . . Garrison Access 2 | . . . . . . . . . . . . . . . . . . . . 2 . . . . Terminal Hacks 75 | . 6 . 7 . 1 . 11 3 1 . 28 . 2 . 9 . 5 1 . . . 1 . . Record 18 | . . . . . 1 . . . . . 6 . . . 6 . 5 . . . . . . . Part Schematic 13 | . . . . . . . . . . . 13 . . . . . . . . . . . . . Robot Schematic 6 | . . . . . . . . . . . 6 . . . . . . . . . . . . . Robot Analysis 8 | . 3 . 1 . . . 3 1 . . . . . . . . . . . . . . . . Prototype ID Bank 9 | . 2 . 2 . . . 1 1 . . 3 . . . . . . . . . . . . . Open Door 5 | . . . . . . . . . 1 . . . . . 3 . . . . . . 1 . . Open DSF 1 | . . . . . . . . . . . . . . . . . . 1 . . . . . . Branch Access Points 3 | . 1 . . . . . 1 1 . . . . . . . . . . . . . . . . Repair Station Index 1 | . . . . . . . 1 . . . . . . . . . . . . . . . . . Unreport Threat 1 | . . . 1 . . . . . . . . . . . . . . . . . . . . . Locate Traps 6 | . . . 2 . . . 3 . . . . . 1 . . . . . . . . . . . Reprogram Traps 1 | . . . 1 . . . . . . . . . . . . . . . . . . . . . Recall Reinforcements 1 | . . . . . . . 1 . . . . . . . . . . . . . . . . . Zone Layout 2 | . . . . . . . 1 . . . . . 1 . . . . . . . . . . . Fabricator Hacks 1 | . . . . . . . . 1 . . . . . . . . . . . . . . . . Build 1 | . . . . . . . . 1 . . . . . . . . . . . . . . . . Repair Station Hacks 14 | . 1 . 2 . . . 7 4 . . . . . . . . . . . . . . . . Scan Component 7 | . . . 1 . . . 4 2 . . . . . . . . . . . . . . . . Repair 6 | . . . 1 . . . 3 2 . . . . . . . . . . . . . . . . Refit 1 | . 1 . . . . . . . . . . . . . . . . . . . . . . . Recycling Unit Hacks 5 | . . . 2 . . . 2 . . . . . . . . . . . . 1 . . . . Retrieve Components 5 | . . . 2 . . . 2 . . . . . . . . . . . . 1 . . . . Scanalyzer 7 | . . . 5 . . . 2 . . . . . . . . . . . . . . . . . Insert Component 4 | . . . 3 . . . 1 . . . . . . . . . . . . . . . . . Analyze 3 | . . . 2 . . . 1 . . . . . . . . . . . . . . . . . Garrison Access Hacks . | . . . . . . . . . . . . . . . . . . . . . . . . . Unauthorized Hacks 7 | . . . 3 . . . 3 1 . . . . . . . . . . . . . . . . Terminals 3 | . . . 1 . . . 1 1 . . . . . . . . . . . . . . . . Botnet 3 | . . . 1 . . . 1 1 . . . . . . . . . . . . . . . . Fabricators . | . . . . . . . . . . . . . . . . . . . . . . . . . Repair Stations . | . . . . . . . . . . . . . . . . . . . . . . . . . Recycling Units 4 | . . . 2 . . . 2 . . . . . . . . . . . . . . . . . Reject 4 | . . . 2 . . . 2 . . . . . . . . . . . . . . . . . Scanalyzers . | . . . . . . . . . . . . . . . . . . . . . . . . . Garrison Access . | . . . . . . . . . . . . . . . . . . . . . . . . . Data Cores Recovered 3 | . . . 1 . . . 1 . . . . . . . . . . . . . 1 . . . Used 1 | . . . . . . . 1 . . . . . . . . . . . . . . . . . Hacking Detections 47 | . 7 . 13 . . . 11 7 . . . . 4 . . . 1 . . 3 . 1 . . Full Trace Events 6 | . 1 . 2 . . . . 2 . . . . . . . . 1 . . . . . . . Feedback Events 2 | . . . . . . . . 2 . . . . . . . . . . . . . . . . Corruption 2 | . . . . . . . . 2 . . . . . . . . . . . . . . . . Feedback Blocked . | . . . . . . . . . . . . . . . . . . . . . . . . . Robot Schematics Acquired 8 | . . . . . . . . . . . 6 . . . . 2 . . . . . . . . Robots Built 2 | . . . . . . . . 2 . . . . . . . . . . . . . . . . Authchips . | . . . . . . . . . . . . . . . . . . . . . . . . . Time 33 | . . . . . . . . 33 . . . . . . . . . . . . . . . . Total Robot Build Rating 4 | . . . . . . . . 4 . . . . . . . . . . . . . . . . Part Schematics Acquired 38 | . . . 2 . . . 1 . . . 13 . . . . 14 . . . . 8 . . . Parts Built . | . . . . . . . . . . . . . . . . . . . . . . . . . Authchips . | . . . . . . . . . . . . . . . . . . . . . . . . . Time . | . . . . . . . . . . . . . . . . . . . . . . . . . Total Part Build Rating . | . . . . . . . . . . . . . . . . . . . . . . . . . Parts Repaired 6 | . . . 1 . . . 3 2 . . . . . . . . . . . . . . . . Time 360 | . . . 38 . . . 224 98 . . . . . . . . . . . . . . . . Parts Recycled . | . . . . . . . . . . . . . . . . . . . . . . . . . Recycled Matter . | . . . . . . . . . . . . . . . . . . . . . . . . . Retrieved Matter . | . . . . . . . . . . . . . . . . . . . . . . . . . Retrieved Components 23 | . . . 9 . . . 14 . . . . . . . . . . . . . . . . . Parts Scanalyzed 3 | . . . 2 . . . 1 . . . . . . . . . . . . . . . . . Part Schematics Acquired 3 | . . . 2 . . . 1 . . . . . . . . . . . . . . . . . Parts Damaged . | . . . . . . . . . . . . . . . . . . . . . . . . . Bothacking | -11 -10 -10 -9 -9 -9 -8 -8 -7 -7 -7 -7 -6 -6 -6 -6 -6 -5 -5 -5 -4 -4 -4 -4 -4 ------------ Run | Jun Mat Min Mat Min Exi Min Mat Fac Low Low Dat Pro Fac Low Low Zio Pro Fac DSF Fac Ext Cet Arc Hub Used RIF Installer . | . . . . . . . . . . . . . . . . . . . . . . . . . Robots Hacked 9 | . . . . . 4 . . . . . 1 1 . . 1 2 . . . . . . . . Non-combat 4 | . . . . . 3 . . . . . . . . . 1 . . . . . . . . . Combat 5 | . . . . . 1 . . . . . 1 1 . . . 2 . . . . . . . . Robot Hacks Applied 9 | . . . . . 4 . . . . . 1 1 . . 1 2 . . . . . . . . parse_system 9 | . . . . . 4 . . . . . 1 1 . . 1 2 . . . . . . . . Relay Couplers Released 1 | . . . . . . . . . . . . . . . . . . . . . . . . 1 Machine Destruction 1 | . . . . . . . . . . . . . . . . . . . . . . . . 1 Fabnet Peak Effective % . | . . . . . . . . . . . . . . . . . . . . . . . . . Robots Rewired 16 | . . . . . . . . . . 2 . . . 4 . . . . . . 10 . . . Allies Hacked . | . . . . . . . . . . . . . . . . . . . . . . . . . Hacks Repelled . | . . . . . . . . . . . . . . . . . . . . . . . . . Allies | -11 -10 -10 -9 -9 -9 -8 -8 -7 -7 -7 -7 -6 -6 -6 -6 -6 -5 -5 -5 -4 -4 -4 -4 -4 -------- Run | Jun Mat Min Mat Min Exi Min Mat Fac Low Low Dat Pro Fac Low Low Zio Pro Fac DSF Fac Ext Cet Arc Hub Total Allies 60 | . . 1 . 1 . . . 2 . 2 . 1 . 4 1 9 . 1 . 1 26 5 . 6 Largest Group 19 | . . 1 . 1 . . . 2 2 2 1 2 1 4 4 12 12 6 6 1 19 18 14 11 Highest-Rated Group 958 | . . 31 . 31 . . . 30 30 64 32 128 96 95 144 424 424 257 256 99 958 951 951 685 Highest-Rated Ally 159 | . . 31 . 31 . . . 15 15 32 32 96 96 25 99 99 99 99 99 99 159 159 159 96 Zionite Dispatches 7 | . . . . . . . . . . . . . . . . . . 1 . 1 3 . . 2 Light 1 | . . . . . . . . . . . . . . . . . . . . . 1 . . . Fire 1 | . . . . . . . . . . . . . . . . . . . . . . . . 1 Hacker 1 | . . . . . . . . . . . . . . . . . . . . . 1 . . . Demo 1 | . . . . . . . . . . . . . . . . . . . . . . . . 1 Infowar Resupply 3 | . . . . . . . . . . . . . . . . . . 1 . 1 1 . . . Total Orders 22 | . . . . . . . . . 4 2 . . . 2 4 2 . 1 . 1 1 . . 5 STAY 11 | . . . . . . . . . 2 . . . . 1 2 1 . . . . . . . 5 ROAM 1 | . . . . . . . . . . 1 . . . . . . . . . . . . . . FOLLOW 7 | . . . . . . . . . 2 1 . . . 1 2 1 . . . . . . . . DROP 3 | . . . . . . . . . . . . . . . . . . 1 . 1 1 . . . Ally Attacks 455 | . . 7 . 12 . . . . 20 18 . 10 9 . 3 . 82 . 17 16 109 60 40 52 Total Damage 15502 | . . 146 . 193 . . . . 404 522 . 414 284 . 74 . 1649 . 800 643 4138 2434 1533 2268 Kills 87 | . . 1 . 3 . . . . 2 5 . 3 1 . . . 19 . 7 4 16 15 4 7 Allies Corrupted 5 | . . . . . . . . . . . . . . . . . . . . 1 . . . 4 Allies Melted . | . . . . . . . . . . . . . . . . . . . . . . . . . Intel | -11 -10 -10 -9 -9 -9 -8 -8 -7 -7 -7 -7 -6 -6 -6 -6 -6 -5 -5 -5 -4 -4 -4 -4 -4 ------- Run | Jun Mat Min Mat Min Exi Min Mat Fac Low Low Dat Pro Fac Low Low Zio Pro Fac DSF Fac Ext Cet Arc Hub Robot Analysis Total 8 | . 3 . 1 . . . 3 1 . . . . . . . . . . . . . . . . Derelict Logs Recovered 14 | . . 1 . 1 . . . . 1 1 . . . 3 2 3 2 . . . . . . . Drone Launches . | . . . . . . . . . . . . . . . . . . . . . . . . . Drone Recoveries . | . . . . . . . . . . . . . . . . . . . . . . . . . Decoded 0b10 Intel 2 | . . . . . . . . . . . . . 2 . . . . . . . . . . . Items 1 | . . . . . . . . . . . . . 1 . . . . . . . . . . . Machines 1 | . . . . . . . . . . . . . 1 . . . . . . . . . . . Zionite Intel Received 3 | . . . . . . . . . . . . . . . . . . . . . 1 . . 2 Prototype Schematics 1 | . . . . . . . . . . . . . . . . . . . . . 1 . . . Active Terminals 1 | . . . . . . . . . . . . . . . . . . . . . . . . 1 Active Garrisons 1 | . . . . . . . . . . . . . . . . . . . . . . . . 1 Exploration | -11 -10 -10 -9 -9 -9 -8 -8 -7 -7 -7 -7 -6 -6 -6 -6 -6 -5 -5 -5 -4 -4 -4 -4 -4 ------------- Run | Jun Mat Min Mat Min Exi Min Mat Fac Low Low Dat Pro Fac Low Low Zio Pro Fac DSF Fac Ext Cet Arc Hub Turns Passed 25984 | 3 761 748 2846 1809 454 325 1707 438 1444 740 114 1030 635 1258 3660 1226 1377 196 321 1281 1464 282 1486 379 Spaces Moved 14547 | 2 531 577 1224 819 235 168 668 307 982 476 93 608 472 1025 2614 979 781 88 119 478 762 126 197 216 Core 89 | . . . . . . . . . . . . . . . . . . . . . . . 69 20 Treads . | . . . . . . . . . . . . . . . . . . . . . . . . . Legs 8024 | 2 531 577 1224 819 235 168 668 307 982 124 . . . . . . 490 88 119 478 762 126 128 196 Wheels 6434 | . . . . . . . . . . 352 93 608 472 1025 2614 979 291 . . . . . . . Hover . | . . . . . . . . . . . . . . . . . . . . . . . . . Flight . | . . . . . . . . . . . . . . . . . . . . . . . . . Fastest Speed 50 | 120 120 120 120 190 190 190 190 122 122 110 110 101 101 108 108 115 115 190 188 186 115 120 120 50 Average Speed 147 | 120 120 120 176 190 190 190 190 122 126 130 110 147 103 108 113 115 162 190 230 192 135 120 708 109 Slowest Speed 1800 | 120 120 120 190 190 190 190 193 122 192 260 125 185 108 123 115 115 190 190 330 720 188 120 1800 120 Overloaded Moves . | . . . . . . . . . . . . . . . . . . . . . . . . . Propulsion Burnouts . | . . . . . . . . . . . . . . . . . . . . . . . . . Robots Hopped . | . . . . . . . . . . . . . . . . . . . . . . . . . Cave-ins Triggered . | . . . . . . . . . . . . . . . . . . . . . . . . . Exploration Rate (%) 61 | 1 74 99 81 98 63 30 58 7 91 66 74 81 17 83 99 89 86 2 87 13 84 58 78 29 Regions Visited 24 Branch Regions 16 Pre-discovered Areas 4 | . . . . . 1 . . . . . 1 . . . . 2 . . . . . . . . Known Exits Taken 17 | . 1 . . . . 1 . 1 1 1 1 1 1 1 1 1 1 1 . 1 1 1 1 . Unknown Exits Taken 6 | 1 . 1 1 1 1 . 1 . . . . . . . . . . . . . . . . . Scrap Searched 27 | . . 1 . 2 . . . . 9 . . 5 . 3 3 2 2 . . . . . . . Spaces Dug 102 | . . . 21 12 . . 1 . 4 18 . 16 . 10 6 . . . . 14 . . . . Terrain Destroyed 344 | . . . 97 31 . 3 1 . 4 55 . 20 29 33 14 . . . . 17 . . . 40 Melee 25 | . . . . . . . 1 . 4 4 . . . 10 6 . . . . . . . . . Projectile 14 | . . . . . . . . . . . . . . . . . . . . 14 . . . . AOE 305 | . . . 97 31 . 3 . . . 51 . 20 29 23 8 . . . . 3 . . . 40 Terrain Rammed . | . . . . . . . . . . . . . . . . . . . . . . . . . Walls Destroyed . | . . . . . . . . . . . . . . . . . . . . . . . . . Machines Disabled . | . . . . . . . . . . . . . . . . . . . . . . . . . Actions | -11 -10 -10 -9 -9 -9 -8 -8 -7 -7 -7 -7 -6 -6 -6 -6 -6 -5 -5 -5 -4 -4 -4 -4 -4 --------- Run | Jun Mat Min Mat Min Exi Min Mat Fac Low Low Dat Pro Fac Low Low Zio Pro Fac DSF Fac Ext Cet Arc Hub Total 17824 | 2 603 616 1682 945 240 172 1000 367 1127 548 105 705 571 1130 3155 1084 872 117 144 671 1125 252 260 331 Wait 1755 | 1 19 7 148 29 . 2 181 47 105 10 2 52 31 47 399 63 62 22 2 93 192 116 43 82 Move 14523 | 1 530 576 1223 818 234 167 667 306 981 475 92 607 471 1024 2613 978 780 87 118 477 761 125 196 216 Hop . | . . . . . . . . . . . . . . . . . . . . . . . . . Pick Up 139 | . 4 8 32 6 . . 16 3 2 . . 6 9 4 15 11 9 . 2 6 4 . 1 1 Fast Attach 63 | . 2 . 3 1 . . 5 2 . 2 . 3 1 2 6 2 1 2 4 7 9 4 4 3 Attach 60 | . . . 9 2 . . 7 3 . 2 4 1 4 3 5 1 4 . 1 5 5 . . 4 Detach 34 | . 1 . 1 1 . . 3 1 . . 4 . . . 9 6 . . . 2 5 1 . . Swap 153 | . 3 2 24 10 2 2 13 5 13 9 2 14 12 13 7 2 . . 4 10 5 . . 1 Drop 155 | . 6 8 22 6 . . 18 . 2 . . 5 8 6 17 16 8 1 5 6 9 4 5 3 Fire 561 | . 28 9 119 57 . 1 44 . 20 24 . 16 22 12 71 3 8 . 8 62 25 2 11 19 Melee 49 | . . . . . 4 . 1 . 4 4 1 1 . 19 13 2 . . . . . . . . Ram . | . . . . . . . . . . . . . . . . . . . . . . . . . Kick 51 | . 10 6 5 15 . . 4 . . . . . . . . . . . . 3 6 . . 2 Crush . | . . . . . . . . . . . . . . . . . . . . . . . . . Escape Stasis 23 | . . . . . . . . . . . . . 13 . . . . 5 . . 5 . . . Rewire 121 | . . . . . . . . . . 22 . . . . . . . . . . 99 . . . Trap 137 | . . . 96 . . . 41 . . . . . . . . . . . . . . . . . Miscellaneous . | . . . . . . . . . . . . . . . . . . . . . . . . . Route ------- -11/Junkyard -10/Materials (discovered 3 exits: *Mat x2 / *Min) -10/Mines (discovered 2 exits: *Mat x2) -9/Materials (discovered 4 exits: *Mat x3 / [*Min]) -9/Mines (discovered 3 exits: *Mat x2 / *Exi) -9/Exiles -8/Mines -8/Materials -7/Factory (discovered 4 exits: Sto x2 / *Low x2) -7/Lower Caves -7/Lower Caves (discovered 2 exits: *Fac / *Dat) -7/Data Miner -6/Proximity Caves -6/Factory -6/Lower Caves -6/Lower Caves (discovered 2 exits: *Fac / *Zio) -6/Zion -5/Proximity Caves -5/Factory (discovered 7 exits: Fac x4 / Upp x2 / DSF) -5/DSF -4/Factory (discovered 3 exits: Res / Upp / *Ext) -4/Extension (discovered 2 exits: *Res / *Cet) -4/Cetus -4/Archives (discovered 3 exits: *Res / *Hub x2) -4/Hub_04(d) History --------- Turn | Location | Event 2 | -11/Junkyard | Discovered new exit (range 1) 4 | -11/Junkyard | Entered Materials 304 | -10/Materials | Build established: Mutant 450 | -10/Materials | Discovered new exit (range 11) 618 | -10/Materials | Discovered new exit (range 5) 694 | -10/Materials | Identified exit to Mines 765 | -10/Materials | Entered Mines 853 | -10/Mines | Learned 2 Materials zone layouts 910 | -10/Mines | Received a Rocket Launcher from a helpful Derelict 944 | -10/Mines | Discovered new exit (range 5) 946 | -10/Mines | Received a Mining Laser from a helpful Derelict 994 | -10/Mines | Discovered new exit (range 4) 1143 | -10/Mines | Found a hidden stash of uninstalled traps 1513 | -10/Mines | Entered Materials 1513 | -9/Materials | Evolved 2 slots: Propulsion x1, Utility x1 1514 | -9/Materials | Identified exit to Materials 1806 | -9/Materials | Discovered exit to Materials (range 9) 1934 | -9/Materials | Lost 3 parts (1n1u1w) 2210 | -9/Materials | Discovered exit to Materials (range 8) 2662 | -9/Materials | Repaired Carbon-fiber Leg 2669 | -9/Materials | Discovered new exit (range 6) 3445 | -9/Materials | Lost 4 parts (3n1w) 3732 | -9/Materials | Central database locked down 4359 | -9/Materials | Entered Mines 4502 | -9/Mines | Discovered exit to Materials (range 6) 4823 | -9/Mines | Discovered exit to Materials (range 9) 4920 | -9/Mines | YI-UF0 nonchalantly dropped a Grenade Launcher on the ground 4936 | -9/Mines | Found Prototype Storage 4936 | -9/Mines | Identified YI-UF0's Bottomless Matter Pit 5185 | -9/Mines | Met a Derelict testing a Signal Generator 5213 | -9/Mines | Destroyed YI-UF0 5537 | -9/Mines | Deemed a non-threat by the Exiles lab entrance 5539 | -9/Mines | Discovered new exit (range 5) 5572 | -9/Mines | Build established: Scavenger-Mutant 5734 | -9/Mines | Learned Materials stockpile data 5843 | -9/Mines | Found a damaged Exp. Sensor Array with a note attached 5847 | -9/Mines | Found Prototype Device 6168 | -9/Mines | Entered Exiles 6218 | -9/Exiles | Met 8R-AWN 6255 | -9/Exiles | Met EX-HEX 6336 | -9/Exiles | Met EX-DEC 6416 | -9/Exiles | Met EX-BIN 6499 | -9/Exiles | Learned location of Zion (-6) 6597 | -9/Exiles | Discovered new exit (range 14) 6622 | -9/Exiles | Entered Mines 6715 | -8/Mines | Discovered exit to Materials (range 5) 6947 | -8/Mines | Entered Materials 6947 | -8/Materials | Evolved 2 slots: Utility x1, Weapon x1 7508 | -8/Materials | Build established: Scavenger-Tank 7659 | -8/Materials | Discovered new exit (range 6) 7897 | -8/Materials | Identified Exp. Sensor Array 8303 | -8/Materials | Repaired Broken Exp. Sensor Array? 8363 | -8/Materials | Repaired Carbon-fiber Leg 8501 | -8/Materials | Repaired Adv. Heat Sink 8654 | -8/Materials | Entered Factory 8654 | -7/Factory | Evolved 2 slots: Propulsion x1, Utility x1 8717 | -7/Factory | Identified exit to Storage 8717 | -7/Factory | Identified exit to Lower Caves 8850 | -7/Factory | Repaired Prc. Beam Rifle 8889 | -7/Factory | Repaired Carbon-fiber Leg 8948 | -7/Factory | Build established: Skirmisher 8986 | -7/Factory | Fabricated Y-45 Defender? 9092 | -7/Factory | Entered Lower Caves 9092 | -7/Lower Caves | Accompanied by 2 allies 9487 | -7/Lower Caves | Encountered a Warlord checkpoint 9674 | -7/Lower Caves | Attracted the attention of an 0b10 checkpoint 9829 | -7/Lower Caves | Discovered new exit (range 11) 9994 | -7/Lower Caves | Identified exit to Lower Caves 10536 | -7/Lower Caves | Entered another Lower Caves area 10536 | -7/Lower Caves | Accompanied by 2 allies 10546 | -7/Lower Caves | Discovered new exit (range 7) 10564 | -7/Lower Caves | Identified exit to Data Miner 10616 | -7/Lower Caves | Identified exit to Factory 10631 | -7/Lower Caves | Attracted the attention of an 0b10 outpost 10679 | -7/Lower Caves | Destroyed 14 combat bots 10686 | -7/Lower Caves | Lost 4 parts (2n2u) 11263 | -7/Lower Caves | Spotted B-75 Beast 11276 | -7/Lower Caves | Entered Data Miner 11276 | -7/Data Miner | Accompanied by 1 ally 11278 | -7/Data Miner | Discovered new exit (range 6) 11299 | -7/Data Miner | Met Data Miner 11304 | -7/Data Miner | Lost 3 parts (1p2n) 11336 | -7/Data Miner | Learned location of Section 7 (-3) 11336 | -7/Data Miner | Acquired the access code to Warlord's prototype stash 11352 | -7/Data Miner | Received God Mode back door access code from Data Miner 11379 | -7/Data Miner | Identified exit to Proximity Caves 11390 | -7/Data Miner | Entered Proximity Caves 11390 | -6/Proximity Caves | Accompanied by 1 ally 11542 | -6/Proximity Caves | Escorted by Enhanced Grunt 12049 | -6/Proximity Caves | Received a Behemoth hack from an annoying Tinkerer 12304 | -6/Proximity Caves | Discovered exit to Factory (range 16) 12420 | -6/Proximity Caves | Entered Factory 12420 | -6/Factory | Accompanied by 1 ally 12420 | -6/Factory | Evolved 2 slots: Power x1, Utility x1 12713 | -6/Factory | Discovered new exit (range 7) 12718 | -6/Factory | Identified exit to Lower Caves 13055 | -6/Factory | Entered Lower Caves 13093 | -6/Lower Caves | Learned Factory emergency access door positions 13470 | -6/Lower Caves | Learned Factory trap positions 13698 | -6/Lower Caves | Encountered a Warlord checkpoint 13730 | -6/Lower Caves | Attacked by a delusional Derelict stockpiling Unaware 14094 | -6/Lower Caves | Discovered new exit (range 7) 14095 | -6/Lower Caves | Learned location of 1 exit from Factory 14302 | -6/Lower Caves | Identified exit to Lower Caves 14313 | -6/Lower Caves | Entered another Lower Caves area 14313 | -6/Lower Caves | Accompanied by 4 allies 14313 | -6/Lower Caves | Learned Factory trap positions 14499 | -6/Lower Caves | Learned location of 2 exits from Factory 14521 | -6/Lower Caves | Discovered new exit (range 7) 14557 | -6/Lower Caves | Identified exit to Factory 14609 | -6/Lower Caves | Build established: Commander-Skirmisher 14658 | -6/Lower Caves | Learned Armory emergency access door positions 14658 | -6/Lower Caves | Learned Research stockpile data 14658 | -6/Lower Caves | Learned Extension security intel 14658 | -6/Lower Caves | Learned Factory garrison access intel 14696 | -6/Lower Caves | Encountered a Warlord checkpoint 15177 | -6/Lower Caves | Found Alien Artifact 15177 | -6/Lower Caves | Identified Core Expander 15177 | -6/Lower Caves | Installed Core Expander, added new Weapon slot 15253 | -6/Lower Caves | Attracted the attention of an 0b10 checkpoint 15257 | -6/Lower Caves | Discovered new exit (range 4) 15263 | -6/Lower Caves | Identified exit to Zion 15583 | -6/Lower Caves | Build established: Skirmisher 15925 | -6/Lower Caves | Destroyed O7-TPK(g) 16165 | -6/Lower Caves | Build established: Mutant 16191 | -6/Lower Caves | Found Prototype Device 16191 | -6/Lower Caves | Identified Heart of Steel 17423 | -6/Lower Caves | Heart of Steel transformed into Warbot 17709 | -6/Lower Caves | Build established: Derelict-Mutant 17973 | -6/Lower Caves | Entered Zion 17973 | -6/Zion | Accompanied by 3 allies (Warbot) 18060 | -6/Zion | Found Prototype Special Weapon 18060 | -6/Zion | Identified RU-N14's Throwing Claymores 18064 | -6/Zion | Found RU-N14's Throwing Claymores 18066 | -6/Zion | Found RU-N14's Throwing Claymores 18068 | -6/Zion | Found RU-N14's Throwing Claymores 18132 | -6/Zion | Discovered new exit (range 8) 18331 | -6/Zion | Build established: Scavenger-Mutant 18608 | -6/Zion | Imprinted 18610 | -6/Zion | Declared Zion's savior 18701 | -6/Zion | Learned Factory security intel 18808 | -6/Zion | Learned location of 1 exit from Factory 18862 | -6/Zion | Learned location of Quarantine (-3) 18881 | -6/Zion | Learned location of Extension (-4) 18895 | -6/Zion | Gained Derelict followers 19022 | -6/Zion | Found Prototype Energy Gun 19022 | -6/Zion | Identified Storm Laser 19173 | -6/Zion | Identified exit to Proximity Caves 19199 | -6/Zion | Entered Proximity Caves 19199 | -5/Proximity Caves | Accompanied by 12 allies (Warbot) 19235 | -5/Proximity Caves | Learned location of 1 exit from Factory 19301 | -5/Proximity Caves | Learned Research garrison access intel 19301 | -5/Proximity Caves | Learned Factory terminal intel 19301 | -5/Proximity Caves | Learned Research security intel 19301 | -5/Proximity Caves | Learned Extension stockpile data 19301 | -5/Proximity Caves | Learned Research stockpile data 19313 | -5/Proximity Caves | Build established: Tank 19568 | -5/Proximity Caves | Spotted B-75 Beast 19581 | -5/Proximity Caves | Destroyed B-75 Beast 19717 | -5/Proximity Caves | Attracted the attention of an 0b10 checkpoint 19900 | -5/Proximity Caves | Build established: Scavenger-Tank 20576 | -5/Proximity Caves | Entered Factory 20576 | -5/Factory | Accompanied by 5 allies (Warbot) 20576 | -5/Factory | Evolved 2 slots: Propulsion x1, Utility x1 20577 | -5/Factory | Identified exit to Factory 20577 | -5/Factory | Identified exit to Upper Caves 20579 | -5/Factory | Loaded intel: 113 trap records 20582 | -5/Factory | Loaded intel: 25 terminal locations 20583 | -5/Factory | Loaded intel: 4 garrison access locations 20604 | -5/Factory | Zion Infowar Resupply teleported in 20770 | -5/Factory | Identified exit to DSF 20772 | -5/Factory | Entered DSF 20772 | -5/DSF | Accompanied by 6 allies (Warbot) 20811 | -5/DSF | Additional patrols routed to DSF 21014 | -5/DSF | Discovered exit to Factory (range 14) 21060 | -5/DSF | Sterilization system engaged 21080 | -5/DSF | Ambient heat levels rising (+10) 21093 | -5/DSF | Entered Factory 21093 | -4/Factory | Accompanied by 1 ally (Warbot) 21093 | -4/Factory | Evolved 2 slots: Propulsion x1, Utility x1 21094 | -4/Factory | Identified exit to Extension 21094 | -4/Factory | Identified exit to Upper Caves 21094 | -4/Factory | Identified exit to Research 21095 | -4/Factory | Loaded intel: 103 trap records 21453 | -4/Factory | Garrison activated, responded to threat 22209 | -4/Factory | Zion Infowar Resupply teleported in 22219 | -4/Factory | Found Prototype Device 22222 | -4/Factory | Found Prototype Device 22275 | -4/Factory | Identified Exp. ECM Suite (x2) 22343 | -4/Factory | First assault squad dispatched 22357 | -4/Factory | Terminal network hard line cut 22367 | -4/Factory | Incoming assault squad redirected 22373 | -4/Factory | P-70 Sage assimilated allied Q4-073(A) 22374 | -4/Factory | Entered Extension 22616 | -4/Extension | Zion Hacker squad teleported in 22885 | -4/Extension | Zion Light squad teleported in 22967 | -4/Extension | Rescued a captive Derelict 22994 | -4/Extension | Rescued a captive Derelict 22995 | -4/Extension | Rescued a captive Derelict 23331 | -4/Extension | Spotted B-86 Titan 23337 | -4/Extension | Destroyed B-86 Titan 23341 | -4/Extension | Found Prototype Protection 23341 | -4/Extension | Identified Zio. Weapon Casing 23374 | -4/Extension | Found Hvy. Reflective Plating 23451 | -4/Extension | Zion Infowar Resupply teleported in 23504 | -4/Extension | Rescued a captive Derelict 23504 | -4/Extension | Rescued a captive Derelict 23540 | -4/Extension | Retrieved Zion intel report: Prototype Schematics 23542 | -4/Extension | Rescued a captive Derelict 23557 | -4/Extension | Rescued a captive Derelict 23578 | -4/Extension | Rescued A7 23711 | -4/Extension | Rescued a captive Derelict 23712 | -4/Extension | Rescued a captive Derelict 23795 | -4/Extension | Discovered exit to Research (range 10) 23797 | -4/Extension | Discovered new exit (range 6) 23814 | -4/Extension | Identified exit to Cetus 23838 | -4/Extension | Entered Cetus 23838 | -4/Cetus | Accompanied by 18 allies (A7) 23843 | -4/Cetus | Acquired a Cetus Manufacturing Module code from A7 23852 | -4/Cetus | Spotted Cetus Guard 23853 | -4/Cetus | Spotted Cetus Guard 23853 | -4/Cetus | Spotted Cetus Guard 23855 | -4/Cetus | Spotted Cetus Guard 23863 | -4/Cetus | Allies destroyed Cetus Guard 23867 | -4/Cetus | Allies destroyed Cetus Guard 23868 | -4/Cetus | Allies destroyed Cetus Guard 23872 | -4/Cetus | Allies destroyed Cetus Guard 23933 | -4/Cetus | Started Cetus Manufacturing Module 23941 | -4/Cetus | Escorted A7 to Cetus Mainframe 23958 | -4/Cetus | Manufactured an Enhanced Grunt 23968 | -4/Cetus | Discovered new exit (range 16) 23983 | -4/Cetus | Manufactured an Enhanced Grunt 24008 | -4/Cetus | Manufactured an Enhanced Grunt 24033 | -4/Cetus | Manufactured an Enhanced Grunt 24058 | -4/Cetus | Manufactured an Enhanced Grunt 24115 | -4/Cetus | Identified exit to Archives 24120 | -4/Cetus | Entered Archives 24120 | -4/Archives | Accompanied by 14 allies (A7) 24125 | -4/Archives | Received a hacking code to weaken MAIN.C 24212 | -4/Archives | Discovered new exit (range 16) 24253 | -4/Archives | Discovered exit to Research (range 15) 24278 | -4/Archives | Discovered new exit (range 16) 25598 | -4/Archives | Identified exit to Hub_04(d) 25606 | -4/Archives | Entered Hub_04(d) 25606 | -4/Hub_04(d) | Accompanied by 11 allies 25654 | -4/Hub_04(d) | Retrieved Zion intel report: Active Terminals 25758 | -4/Hub_04(d) | Garrison activated, responded to threat 25822 | -4/Hub_04(d) | Network Hub disabled 25854 | -4/Hub_04(d) | Spotted Lightning 25856 | -4/Hub_04(d) | Spotted Lightning 25857 | -4/Hub_04(d) | Spotted Lightning 25860 | -4/Hub_04(d) | Network Hub disabled 25898 | -4/Hub_04(d) | System corruption reached 10% 25924 | -4/Hub_04(d) | Spotted Lightning 25924 | -4/Hub_04(d) | Spotted Lightning 25932 | -4/Hub_04(d) | Spotted Lightning 25933 | -4/Hub_04(d) | Retrieved Zion intel report: Active Garrisons 25934 | -4/Hub_04(d) | Zion Demo squad teleported in 25953 | -4/Hub_04(d) | Destroyed Lightning 25953 | -4/Hub_04(d) | Destroyed Lightning 25955 | -4/Hub_04(d) | Destroyed Lightning 25962 | -4/Hub_04(d) | Core integrity fell below 50% 25962 | -4/Hub_04(d) | Destroyed Lightning 25973 | -4/Hub_04(d) | Core integrity fell below 20% 25984 | -4/Hub_04(d) | Zion Fire squad teleported in 25985 | -4/Hub_04(d) | Destroyed by Lightning with EMDS Last Messages --------------- 25977_ Detecting system override signal. 25978_ System corrupted: Energy discharge (-2). 25978_ The unstable cave ceiling collapses. 25978_ Penetrated by EMDS Slug. 25979_ The unstable cave ceiling collapses. 25980_ Detecting system override signal. 25983_ Connecting with Terminal... >>\\ZION-ROSTER [ Establishing connection... ] [ Retrieving roster... ] [ Squads on standby: ] [ 1 : GB-IZK(i)/Fire(4) ] [ 2 : Thermal Resupply ] [ 3 : Thermal Resupply ] >>\\ZION-DISPATCH-1 [ Target locked, reinforcements inbound... ] 25984_ EMDS Slug penetrates G-67 Veteran. 25984_ G-67 Veteran destroyed. 25985_ Penetrated by EMDS Slug. Map ----- +----------------------------------------------------+ | # # ##????????????????? | | ######### # #????????????????? | | ######### ##???????????????? | | #=] ] #???????????????? | | #|!! #???????????????? | | #!!!% % ##??????????????? | | #! ! # #??????????????? | | #|[! #??????????????? | | # = ## #??????????????? | | # ##??????????????? | | # #??????????????? | | # #??????????????? | | # ##??????????????? | | # % ####???????????????? | | ###### # %" #????????????????? | | # # " ##????????????????? | | #" + ??????????????? | | #"" # T ??????????? | | #"" ii #? #########?????????? | | #"" #?+###?????????????????? | | # ii #??????????????????????? | | # ! #??????????????????????? | | # #??????????????????????? | | #"" #??????????????????????? | | #"" #??????????????????????? | | #"" @#??????????????????????? | | #" #??????????????????????? | | # #??????????????????????? | | ########??????????????????????? | | ??????????????????????????????? | | ??????????????????????????????? | | ??????????????????????????????? | | ??????????????????????????????? | | ??????????????????????????????? | | ??????????????????????????????? | | ??????????????????????????????? | | ??????????????????????????????? | | ??????????????????????????????? | | ??????????????????????????????? | | ??????????????????????????????? | | ??????????????????????????????? | | ??????????????????????????????? | | ??????????????????????????????? | | ??????????????????????????????? | | ??????????????????????????????? | | ??????????????????????????????? | | ??????????????????????????????? | | ??????????????????????????????? | | ??????????????????????????????? | | ??????????????????????????????? | +----------------------------------------------------+ Best States ------------- Heat Dissipation 100 Energy Generation 33 Energy Capacity 715 Matter Stores 300 Matter Capacity 300 Sight Range 16 Robot Scan Range 20 Terrain Scan Density 10 Jamming Range 16 Armor Coverage 825 Resistance: KI 30 Resistance: TH 25 Resistance: EM 15 Weapon Shielding 100 Phase Shifting 10 Evasion (%) 55 Targeting Accuracy 8 Offensive Hacking 10 Item Schematics ----------------- Hcp. Storage Unit | -9/Materials | Scanalyzed Beamcaster | -9/Materials | Scanalyzed Exp. Sensor Array | -8/Materials | Scanalyzed Combat Drone Bay | -7/Data Miner | Free Lgt. Regenerative Plating | -7/Data Miner | Free Cld. Cesium-ion Thruster | -7/Data Miner | Free Exp. Targeting Computer | -7/Data Miner | Free Antimatter Cannon | -7/Data Miner | Free Linear Gravjet | -7/Data Miner | Free Adv. Shield Generator | -7/Data Miner | Free Disruptor Cannon | -7/Data Miner | Free Imp. Cryofiber Web | -7/Data Miner | Free Adv. System Restoration Module | -7/Data Miner | Free Neutrino Core | -7/Data Miner | Free Point Defense Array | -7/Data Miner | Free Impulse Thruster | -7/Data Miner | Free Lgt. Fission Core | -6/Zion | Archive Imp. Focal Shield | -6/Zion | Archive Proton Cannon | -6/Zion | Archive KE Penetrator | -6/Zion | Archive Remote Shield | -6/Zion | Archive Imp. Recalibrator | -6/Zion | Archive Adv. Signal Interpreter | -6/Zion | Archive Adv. Thermal Generator | -6/Zion | Archive Adv. Thermal Shield | -6/Zion | Archive Arm. Leg | -6/Zion | Archive Lrn. Proton Cannon | -6/Zion | Archive Adv. Heat Sink | -6/Zion | Archive Variable Charge Gun | -6/Zion | Archive Focal Shield | -6/Zion | Archive Gravity Neutralizer | -4/Extension | Z-intel Prc. Matter Filter | -4/Extension | Z-intel Ion Burst Cannon | -4/Extension | Z-intel Lgt. Antimatter Cannon | -4/Extension | Z-intel Centrium Greatsword | -4/Extension | Z-intel Cld. Fission Core | -4/Extension | Z-intel Adv. Thermal Defense Suite | -4/Extension | Z-intel Tri-rail Accelerator | -4/Extension | Z-intel Robot Schematics ------------------ S-27 Virus | -7/Data Miner | Free A-15 Conveyor | -7/Data Miner | Free R-10 Processor | -7/Data Miner | Free H-66 Slayer | -7/Data Miner | Free I-47 Archangel | -7/Data Miner | Free G-50 Soldier | -7/Data Miner | Free T-07 Excavator | -6/Zion | Archive H-77 Assassin | -6/Zion | Archive Fabricated ------------ Y-45 Defender | x2 | -7/Factory | Preloaded Alien Tech Used ----------------- Core Expander Achievements -------------- None Challenges ------------ None Game ------ Seed SeismicMassActivator Manual? 0 Play Time 02:00:26 Cumulative 1384.0 hours Start 2023.08.03 @ 02:51:06 End 2023.08.03 @ 04:55:07 Sessions 1 Manual Loads 0 Difficulty Rogue Special Mode None Game No. 982 Rogue 978 Adventurer 4 Explorer 0 Win Type - Total 160 Types 118/11/10/7/2/1/1/6/4 Lore% 96 Gallery% 98 Achievement% 98 Wizard Run 0 Options --------- ASCII 0 Keyboard 1 Movement Vi Keybinds 0 Fullscreen 0 Font 20/X11 Map View 76x50 Tactical HUD 1 Map Filters NONE Filters NONE Steam 1 RUN: fb1574f3-361d-4d1e-8fe4-4d5dae612f6d